 Dungeon Crawl Stone Soup version 0.30-a0-778-g2ef04afb54 (webtiles) character file.

Game seed: 8397141656620029256

58 Esekla the Sneak (level 4, -8/31 HPs)
             Began as an Octopode Delver on Feb 16, 2023.
             Mangled by an ogre
             ... wielding a +0 giant club
              (24 damage)
             ... on level 5 of the Dungeon.
             The game lasted 00:03:33 (602 turns).

Esekla the Sneak (Octopode Delver)                   Turns: 602, Time: 00:03:34

Health: -8/31      AC:  1    Str: 11    XL:     4   Next: 1%
Magic:  5/5        EV: 13    Int: 14    God:
Gold:   56         SH:  0    Dex: 13    Spells: 4/4 levels left

rFire   . . .      SeeInvis .    a - +0 falchion
rCold   . . .      Faith    .    (no shield)
rNeg    . . .      Spirit   .    (helmet restricted)
rPois   .          Reflect  .    (no amulet)
rElec   .          Harm     .    (no ring)
rCorr   .          Rampage  .    (no ring)
Will    .....                    (no ring)
Stlth   ++++                     (no ring)
HPRegen 0.25/turn                (no ring)
MPRegen 0.09/turn                (no ring)
                                 (no ring)
                                 (no ring)

@: hasted, very quick
A: almost no armour, amphibious, 8 rings, camouflage 1, gelatinous body 1,
(nimble swimmer 1), tentacles
a: no special abilities


You were on level 5 of the Dungeon.
You visited 1 branch of the dungeon, and saw 1 of its levels.

You collected 56 gold pieces.

Inventory:

Hand Weapons
 a - a +0 falchion (weapon)
Wands
 f - a wand of digging (3)
 m - a wand of flame (17)
Scrolls
 b - a scroll of fog
 c - a scroll of magic mapping
 d - a scroll of enchant armour {unknown}
 g - a scroll of brand weapon {unknown}
 j - 2 scrolls of teleportation {unknown}
 k - a scroll of identify {unknown}
 l - 2 scrolls of noise {unknown}
 o - a scroll of enchant weapon {unknown}
Potions
 e - 2 potions of haste
 h - 2 potions of mutation {unknown}
 i - 2 potions of might {unknown}
 n - a potion of curing {unknown}


   Skills:
 * Level 3.4 Fighting
 * Level 2.3 Long Blades
 * Level 2.3 Dodging
 + Level 7.4 Stealth
 * Level 0.9 Spellcasting


You had 4 spell levels left.
You didn't know any spells.
Your spell library was empty.

Dungeon Overview and Level Annotations

Branches:
Dungeon (5/15)
 Temple: D:4-7

Altars:
Okawaru

Annotations:
D:5 Pikel


Innate Abilities, Weirdness & Mutations

You cannot wear most types of armour.
You are amphibious.
You can wear up to eight rings at the same time.
Your skin changes colour to match your surroundings (Stealth+).
Your rubbery body absorbs attacks. (AC +1, EV +1)
((You are camouflaged when in or above water. (Stealth+)))
You have tentacles for arms and can constrict up to eight enemies at once.


Message History

You kill the adder!
You feel sick.
You start resting.
You feel sick. x2
You are no longer poisoned.
You start resting.
HP restored.
The dart slug launches a dart at you. The slug dart hits you.
You hit the dart slug. You grab the dart slug.
The dart slug is moderately wounded.
You constrict the dart slug. The dart slug launches a dart at you.
The slug dart misses you.
You hit the dart slug.
You kill the dart slug!
You have reached level 4!
l - 2 scrolls labelled NAROKK WEDDIMA (gained 1)
Found a scroll labelled ECAQOX ONEU and 4 stones.
o - a scroll labelled ECAQOX ONEU You see here 4 stones.
Found a scroll labelled EWNA MEIDETA.
Found 19 gold pieces.
j - 2 scrolls labelled EWNA MEIDETA (gained 1)
You now have 56 gold pieces (gained 19).
Found an iron altar of Okawaru.
You see here 4 stones.
A jelly is nearby!
Found a lumpy dark potion and 6 stones.
Found a stone staircase leading up.
i - 2 lumpy dark potions (gained 1) Pikel and 2 lemures come into view.
Pikel is wielding a +2 whip of flaming.
Pikel shouts!
The lemure shouts! x2
Pikel says, "You'll feel the lick of my whip!"
The lemure shouts!
The ogre shouts!
The ogre hits you with a +0 giant club!
Ouch! That really hurt!
You feel yourself speed up.
The ogre hits you with a +0 giant club!!
Ouch! That really hurt!
You die...

#### ### .....########
##.# #
.......@..5K#######..###
##......O.5.5...........
#...........5..........
#..$.............<#.###
#..............#....#
#..........#........###
####......####.........
############..#
#...#..... #......(##
##.###..##..##.


You could see Pikel, an ogre and 4 lemures.

Vanquished Creatures
  5 adders (D:5)
  A dart slug (D:5)
  4 orcs (D:5)
  A quokka (D:5)
11 creatures vanquished.

Notes
Turn   | Place    | Note
-------+----------+-------------------------------------------
     0 | D:5      | Esekla the Octopode Delver began the quest for the Orb.
     0 | D:5      | Reached XP level 1. HP: 16/16 MP: 1/1
    47 | D:5      | Reached XP level 2. HP: 19/21 MP: 2/2
   133 | D:5      | Reached skill level 7 in Stealth
   138 | D:5      | Reached XP level 3. HP: 15/26 MP: 3/3
   198 | D:5      | Noticed an ogre
   281 | D:5      | Noticed a lemure
   282 | D:5      | Noticed a lemure
   461 | D:5      | Reached XP level 4. HP: 29/31 MP: 5/5
   496 | D:5      | Found an iron altar of Okawaru.
   586 | D:5      | Noticed Pikel
   586 | D:5      | Noticed a lemure
   586 | D:5      | Noticed a lemure
   602 | D:5      | Mangled by an ogre

Illustrated notes

Levels and vault maps discovered:
D:5:      black_bear_nest_1, layout_rooms, lemuel_coloured_pillars_altar,
          uniq_pikel

Skill      XL: |  1  2 |
---------------+-------+-----
Stealth        | 7 |  7.4
Fighting       | |  3.4
Long Blades    | |  2.3
Dodging        | |  2.3
Spellcasting   | |  0.9

Action                     |  1- 3 |  4- 6 || total
---------------------------+-------+-------++-------
  Melee: Falchion          |    27 |       ||    27
         Tentacles         |     5 |       ||     5
         Constrict         |     7 |       ||     7
    Use: Scroll            |     1 |       ||     1
         Potion            |       |     1 ||     1
   Stab: Sleeping          |     3 |       ||     3
 Armour: Skin              |     3 |       ||     3
  Dodge: Dodged            |    21 |       ||    21

Table legend: (Time is in decaauts)
 A = Elapsed time spent in this place.
 B = Non-inter-level travel time spent in this place.
 C = Inter-level travel time spent in this place.
 D = Time resting spent in this place.
 E = Time spent auto-exploring this place.
 F = Levels seen in this place.
 G = Mean time per level.
                   A        B        C        D        E       F      G
               +--------+--------+--------+--------+--------+-----+--------+
         Total |    606 |    606 |      0 |    156 |     50 |   1 |  606.0 |
       Dungeon |    606 |    606 |      0 |    156 |     50 |   1 |  606.0 |
               +--------+--------+--------+--------+--------+-----+--------+

Top non-repeatable levels by time:
     D:5: 606 daAuts
